 Dungeon Sprint DCSS version 0.24.0-13-gcf9b319 (webtiles) character file.

Game seed: 604131917242841206, levelgen mode: deterministic

16078 Fang the Warrior (level 12, -21/133 HPs)
             Began as a Gargoyle Berserker on Dec 10, 2019.
             Was the Champion of Trog.
             Killed from afar by a frost giant (37 damage)
             ... with a bolt of cold
             ... in the Dungeon (Sprint VII: "The Pits").
             The game lasted 00:03:53 (2833 turns).

Fang the Warrior (Gargoyle Berserker)               Turns: 2833, Time: 00:03:54

Health: -21/133    AC: 30    Str: 29    XL:     12   Next: 33%
Magic:  12/12      EV: 18    Int: 10    God:    Trog [******]
Gold:   28         SH: 11    Dex:  9    Spells: 11/11 levels left

rFire    . . .     SeeInvis .   a - +1 broad axe (chop)
rCold    . . .     Gourm    .   C - +0 shield
rNeg     + . .     Faith    .   b - +3 plate armour
rPois    ∞         Spirit   .   n - +1 hat
rElec    +         Reflect  .   (no cloak)
rCorr    .         Harm     .   (no gloves)
MR       .....     NoTele   +   (no boots)
Stlth    ..........             (no amulet)
HPRegen  0.32/turn              o - +3 ring of evasion
MPRegen  0.13/turn              q - +3 ring of evasion

@: berserking (expiring), very quick
A: negative energy resistance 1, electricity resistance, unbreathing,
petrification resistance, rot immunity, AC +8
a: Berserk, Trog's Hand, Brothers in Arms, Renounce Religion


You were in the Dungeon.
You worshipped Trog.
Trog was exalted by your worship.
You were very hungry.

You visited 1 branch You collected 28 gold pieces.

Inventory:

Hand Weapons
 a - a +1 broad axe of chopping (weapon)
 m - a +3 antimagic war axe
 r - a +3 executioner's axe of chopping
Armour
 b - a +3 plate armour (worn)
 n - a +1 hat (worn)
 C - a +0 shield (worn)
Jewellery
 o - a +3 ring of evasion (left hand)
 q - a +3 ring of evasion (right hand)
 u - an uncursed ring of positive energy
 A - an uncursed ring of protection from magic
Wands
 z - a wand of clouds (2)
Scrolls
 i - 2 scrolls of blinking
 k - 4 scrolls of remove curse
 l - a scroll of summoning
 v - 2 scrolls of identify
 w - 2 scrolls of enchant armour
 x - 3 scrolls of fear
 y - a scroll of fog
Potions
 d - 10 potions of curing
 e - 9 potions of heal wounds
 f - 3 potions of haste
 g - 4 potions of magic
 h - 8 potions of berserk rage
 j - 2 potions of invisibility
 p - 3 potions of brilliance
 t - a potion of flight
 B - a potion of might
Comestibles
 c - 9 rations
 s - 18 chunks of flesh


   Skills:
 + Level 16.3 Fighting
 + Level 14.1 Axes
 + Level 16.2 Armour
 + Level 12.9 Dodging
 + Level 6.0 Shields


You had 11 spell levels left.
You didn't know any spells.
Your spell library was empty.

Dungeon Overview and Level Annotations

Branches:
Dungeon (1/1)

Altars:
Gozag
Hepliaklqana
Sif Muna
Trog
Jiyva


Innate Abilities, Weirdness & Mutations

You are resistant to torment.
Your stone body is resilient. (AC +8)
You are immune to poison.
You resist negative energy. (rN+)
You are resistant to electric shocks. (rElec)
You can survive without breathing.
You are immune to petrification.
You are immune to rotting.


Message History

You kill the hell knight!
Trog accepts your kill.
Trog appreciates your killing of a magic user.
Your Shields skill increases to level 6!
You hit the spriggan defender. You slash the frost giant!
The hell knight hits you but does no damage.
The hell knight hits you from afar with a +1 demon trident of flaming.
* * * LOW HITPOINT WARNING * * *
The hell knight burns you.
* * * LOW HITPOINT WARNING * * *
The spriggan defender hits you but does no damage.
The hell knight gestures at you while chanting.
You block the puff of flame.
You closely miss the hell knight.
The hell knight is severely wounded.
You hit the spriggan defender but do no damage.
You hit the frost giant. The hell knight closely misses you.
The frost giant points at you and mumbles some strange words.
The bolt of cold hits you!!!
You die...

+..........#
#..........# .
#..#....#..# ..
+..........# '..
+..........# .'..
#..#....#..##..#++
#.......)i)p'.....
#........@ppp.....
###++####)C#######
#''#############
#....)))........
#...)†))).......
#..#############
#..# #..# #######
#..#


You could see a frost giant, a spriggan defender and 4 hell knights.

Vanquished Creatures
  Gastronok (D)
  A merfolk avatar (D)
  A two-headed ogre (D)
  3 hell knights (D)
  A sea snake (D)
  2 unseen horrors (D)
  A wolf spider (D)
  A deep elf mage (D)
  2 orc knights (D)
  2 manticores (D)
  An elephant (D)
  A molten gargoyle (D)
  3 smoke demons (D)
  2 kobold demonologists (D)
  An efreet (D)
  A troll (D)
  A hellwing (D)
  A red devil (D)
  A polar bear (D)
  A hornet (D)
  Grinder (D)
  A hippogriff (D)
  A wraith (D)
  A fire bat (D)
  A warg (D)
  A swamp drake (D)
  An ice beast (D)
  3 orc warriors (D)
  2 black bears (D)
  A sky beast (D)
  3 wolves (D)
  A centaur (D)
  A gnoll shaman (D)
  An orc wizard (D)
  A mummy (D)
  An adder (D)
  A river rat (D)
  An adder skeleton (D)
  An adder simulacrum (D)
  2 leopard geckos (D)
  5 orcs (D)
  A ball python (D)
  2 bats (D)
  A giant cockroach (D)
  A frilled lizard (D)
  A goblin (D)
  A jackal zombie (D)
  A quokka skeleton (D)
  A rat (D)
68 creatures vanquished.

Vanquished Creatures (collateral kills)
  3 hell hogs (D)
  An unseen horror (D)
  Pikel (D)
  An elephant (D)
  A komodo dragon (D)
  A demonic crawler (D)
  A porcupine (D)
  A centaur (D)
  5 wights (D)
  A worker ant (D)
16 creatures vanquished.

Vanquished Creatures (others)
  A wolf spider (D)
  A hippogriff (D)
  2 slaves (D)
  A scorpion (D)
  An orc (D)
6 creatures vanquished.

Grand Total: 90 creatures vanquished

Notes
Turn   | Place    | Note
-------+----------+-------------------------------------------
     0 | D        | Fang the Gargoyle Berserker began the quest for the Orb.
     0 | D        | Reached XP level 1. HP: 14/14 MP: 1/1
    58 | D        | Reached XP level 2. HP: 9/20 MP: 2/2
    58 | D        | Reached ** piety under Trog
   357 | D        | Reached *** piety under Trog
   364 | D        | Reached XP level 3. HP: 24/24 MP: 3/3
   458 | D        | Noticed a wolf
   461 | D        | Noticed a black bear
   467 | D        | Reached **** piety under Trog
   468 | D        | Killed a wolf
   468 | D        | Reached skill level 5 in Axes
   468 | D        | Reached skill level 5 in Armour
   468 | D        | Reached XP level 4. HP: 32/32 MP: 4/4
   468 | D        | Reached XP level 5. HP: 36/36 MP: 5/5
   475 | D        | Killed a black bear
   475 | D        | Reached ***** piety under Trog
   475 | D        | Reached skill level 5 in Dodging
   522 | D        | Noticed a black bear
   528 | D        | Killed a black bear
   528 | D        | Received a gift from Trog
   528 | D        | Reached XP level 6. HP: 37/44 MP: 6/6
   621 | D        | Noticed a deep elf mage
   633 | D        | Killed a deep elf mage
   633 | D        | Reached XP level 7. HP: 18/51 MP: 7/7
   822 | D        | Noticed a wraith
   836 | D        | Killed a wraith
   836 | D        | Received a gift from Trog
   836 | D        | Reached XP level 8. HP: 57/57 MP: 8/8
   879 | D        | Reached skill level 10 in Fighting
   884 | D        | Received a gift from Trog
   906 | D        | Noticed a hippogriff
   913 | D        | Killed a hippogriff
   913 | D        | Reached skill level 10 in Armour
  1065 | D        | Found a bloodstained altar of Trog.
  1065 | D        | Found a shimmering blue altar of Sif Muna.
  1065 | D        | Found a viscous altar of Jiyva.
  1065 | D        | Found a hazy altar of Hepliaklqana.
  1065 | D        | Found an opulent altar of Gozag.
  1102 | D        | Noticed an efreet
  1102 | D        | Noticed an orc knight
  1106 | D        | Received a gift from Trog
  1118 | D        | Killed an efreet
  1118 | D        | Reached XP level 9. HP: 48/64 MP: 9/9
  1121 | D        | Killed an orc knight
  1121 | D        | Reached ****** piety under Trog
  1121 | D        | Received a gift from Trog
  1121 | D        | Reached skill level 10 in Axes
  1279 | D        | Noticed a kobold demonologist
  1279 | D        | Noticed Grinder
  1279 | D        | Noticed a sea snake
  1279 | D        | Noticed a polar bear
  1283 | D        | Noticed a smoke demon
  1285 | D        | Noticed a manticore
  1286 | D        | Killed a polar bear
  1288 | D        | Noticed a red devil
  1291 | D        | Killed a kobold demonologist
  1296 | D        | Killed a sea snake
  1296 | D        | Reached XP level 10. HP: 72/72 MP: 10/10
  1299 | D        | Killed a manticore
  1299 | D        | Reached skill level 10 in Dodging
  1299 | D        | Killed a smoke demon
  1301 | D        | Killed Grinder
  1313 | D        | Received a gift from Trog
  1469 | D        | Noticed a molten gargoyle
  1470 | D        | Noticed a manticore
  1470 | D        | Noticed a kobold demonologist
  1475 | D        | Killed a kobold demonologist
  1478 | D        | Killed a molten gargoyle
  1484 | D        | Killed a manticore
  1488 | D        | Received a gift from Trog
  1515 | D        | Noticed a merfolk avatar
  1516 | D        | Noticed a smoke demon
  1518 | D        | Killed a smoke demon
  1527 | D        | Killed an unseen horror
  1527 | D        | Reached XP level 11. HP: 46/80 MP: 11/11
  1529 | D        | Killed a merfolk avatar
  1753 | D        | Noticed Gastronok
  1765 | D        | Killed Gastronok
  1910 | D        | Noticed Pikel
  1910 | D        | Noticed a hell hog
  1910 | D        | Noticed a wolf spider
  1911 | D        | Noticed a hell hog
  1911 | D        | Noticed a hell hog
  1913 | D        | Received a gift from Trog
  1914 | D        | Killed an unseen horror
  1915 | D        | Killed a hell hog
  1915 | D        | Reached skill level 15 in Fighting
  1917 | D        | Killed Pikel
  1917 | D        | Reached skill level 15 in Armour
  1918 | D        | Killed a hell hog
  1918 | D        | Received a gift from Trog
  1925 | D        | Killed a hell hog
  1926 | D        | Killed a wolf spider
  1932 | D        | Received a gift from Trog
  2162 | D        | Reached skill level 1 in Shields
  2168 | D        | Killed an unseen horror
  2380 | D        | Noticed a two-headed ogre
  2386 | D        | Killed a two-headed ogre
  2386 | D        | Received a gift from Trog
  2390 | D        | Reached XP level 12. HP: 88/88 MP: 12/12
  2743 | D        | Received a gift from Trog
  2817 | D        | Noticed a hell knight
  2817 | D        | Noticed a hell knight
  2817 | D        | Noticed a hell knight
  2817 | D        | Noticed a frost giant
  2817 | D        | Noticed a spriggan defender
  2817 | D        | Noticed a hell knight
  2819 | D        | Noticed a hell knight
  2826 | D        | Killed a hell knight
  2826 | D        | Received a gift from Trog
  2826 | D        | Reached skill level 5 in Shields
  2830 | D        | Killed a hell knight
  2833 | D        | Killed from afar by a frost giant

Levels and vault maps discovered:
D:        pitsprint [storerooms_1, entrance_room_1, metal_vault_1, armoury_1,
          mini_pit_1, grid_room_1, main_hall_1, silver_pit, the_coven_2,
          the_vestibule_1, steel_vault_5, golden_pit, hallway_of_sentries,
          crystal_vault_4, iron_vault_4, final_vault]

Skill      XL: |  1  2  3  4  5  6  7  8  9 10 11 12 |
---------------+-------------------------------------+-----
Fighting       | 4 6 7 9 11 12 14 15 16 | 16.3
Axes           | 3 5 6 8 9 10 12 13 14 | 14.1
Armour         | 3 4 5 7 9 11 12 13 15 16 | 16.2
Dodging        | 2 4 5 7 8 9 11 12 | 12.9
Shields        | 3 6 |  6.0

Action                   |  1- 3 |  4- 6 |  7- 9 | 10-12 || total
-------------------------+-------+-------+-------+-------++-------
Melee: Hand axe          |    26 |    20 |    37 |       ||    83
       Broad axe         |       |       |    31 |    90 ||   121
       Executioner's axe |       |       |       |    26 ||    26
Invok: Berserk           |     3 |     1 |     4 |     5 ||    13
       Brothers in Arms  |       |       |       |     2 ||     2
 Stab: Confused          |       |       |     1 |       ||     1
  Eat: Chunk             |     1 |     1 |     6 |    10 ||    18
Armor: Animal skin       |     7 |       |       |       ||     7
       Chain mail        |     9 |     8 |    17 |       ||    34
       Plate armour      |       |       |    18 |    84 ||   102
Dodge: Dodged            |    27 |    12 |    55 |    90 ||   184
Block: Shield            |       |       |       |    40 ||    40
